 Dungeon Crawl Stone Soup version 0.29-a0-284-gf9362112df (webtiles) character file.

Game seed: 731656553084547980

4 spaghetti the Sneak (level 1, -3/17 HPs)
             Began as a Demigod Brigand on Mar 20, 2022.
             Slain by an adder (4 damage)
             ... on level 2 of the Dungeon.
             The game lasted 00:00:43 (219 turns).

spaghetti the Sneak (Demigod Brigand)                Turns: 219, Time: 00:00:43

Health: -3/17      AC:  3    Str: 12    XL:     1   Next: 40%
Magic:  3/3        EV: 11    Int: 13    God:
Gold:   13         SH:  0    Dex: 15    Spells: 0/0 levels left

rFire   . . .      SeeInvis .   a - +2 dagger {short}
rCold   . . .      Faith    .   (no shield)
rNeg    . . .      Spirit   .   b - +0 robe
rPois   .          Reflect  .   (no helmet)
rElec   .          Harm     .   c - +0 cloak
rCorr   .          Rampage  .   (no gloves)
Will    .....                   (no boots)
Stlth   +++.......              (no amulet)
HPRegen 0.05/turn               (no ring)
MPRegen 0.08/turn               (no ring)

@: lethally poisoned (-3 -> -5)
A: high MP 1, forlorn, divine attributes
a: no special abilities


You were on level 2 of the Dungeon.
You visited 1 branch of the dungeon, and saw 2 of its levels.

You collected 13 gold pieces.


Innate Abilities, Weirdness & Mutations

You have an increased reservoir of magic. (+10% MP)
You shall have no god before yourself.
Your divine heritage dramatically boosts your attributes as you level up.


   Skills:
 - Level 1.7 Fighting
 - Level 1.7 Short Blades
 - Level 1.7 Throwing
 - Level 0.8 Dodging
 + Level 3.9 Stealth


You couldn't memorise any spells.
You didn't know any spells.
Your spell library was empty.

Inventory:

Hand Weapons
 a - a +2 dagger (weapon) {short}
Missiles
 d - 9 poisoned darts (quivered) {throwing}
 e - 3 curare-tipped darts {=fthrowing}
Armour
 b - a +0 robe (worn)
 c - a +0 cloak (worn)
Scrolls
 f - a scroll of enchant weapon {unknown}

Dungeon Overview and Level Annotations

Branches:
Dungeon (2/15)

#.# #.#.# #.#.# ### .
#.#.# #.. ... #.#.# #.#
....#####.#.# #.#
###.....J.#.####<### #
........S.........>##.#
#########@.[..........#
#.#.######.#### #.#.#
#.# #.#.# #.# #.#.# #.#
#.#†# #.# #.#.# #.#
#.#.# #.# #.######.#


You could see an adder and an endoplasm.


Message History

A frilled lizard comes into view.
A bat comes into view.
The bat hits you but does no damage. The bat barely misses you.
The bat hits you but does no damage.
You hit the bat.
You kill the bat!
You see here a bat corpse.
The bat hits you but does no damage. The bat barely misses you.
There is a stone staircase leading down here.
The bat hits you but does no damage.
You closely miss the bat. The bat hits you but does no damage.
The bat barely misses you.
There is a stone staircase leading down here.
The bat barely misses you.
You climb downwards.
Found a leather armour.
Found a stone staircase leading down.
There is a stone staircase leading up here.
Unknown command.
f - a scroll labelled SEMPU PUMM A rat comes into view.
A rat is nearby!
A rat is nearby!
A rat is nearby!
You barely miss the rat. You closely miss the rat.
The rat bites you but does no damage.
You closely miss the rat. The rat bites you but does no damage.
You closely miss the rat. The rat barely misses you.
You barely miss the rat. The rat bites you. 😕 HP[-2]
You take 2 damage, and now have 15/17 hp.
You hit the rat.
You kill the rat!
You see here a rat corpse.
An adder comes into view. 😎 HP[+2]
Your hp is fully restored (17).
The adder hisses angrily.
An endoplasm comes into view.
The adder bites you.
You are poisoned.
The adder poisons you! 😕 HP[-1]
You take 1 damage, and now have 16/17 hp.
The endoplasm quivers.
You hit the adder.
You feel sick. The adder closely misses you. 😕 HP[-1]
You take 1 damage, and now have 15/17 hp.
You miss the adder.
You feel sick. The adder bites you. 😕 HP[-2]
You take 2 damage, and now have 13/17 hp.
You barely miss the adder.
You feel sick. The adder bites you but does no damage.
The adder misses you. 😮 HP[-1]
You take 1 damage, and now have 12/17 hp.
You hit the adder.
You feel sick.
You are no longer poisoned.
The adder bites you but does no damage. 😮 HP[-1]
You take 1 damage, and now have 11/17 hp.
You hit the adder. The adder bites you.
You are poisoned.
The adder poisons you! The endoplasm misses you. 😮 HP[-1]
You take 1 damage, and now have 10/17 hp.
You miss the adder.
You feel sick. The adder bites you but does no damage.
The endoplasm freezes you.
You are frozen.
* * * LOW HITPOINT WARNING * * *
😨 HP[-2]
You take 2 damage, and now have 8/17 hp.
You hit the adder but do no damage.
You feel sick. The adder misses you. The endoplasm barely misses you.
The adder closely misses you. 😨 HP[-1]
You take 1 damage, and now have 7/17 hp.
You closely miss the adder.
You feel sick. The adder bites you.
* * * LOW HITPOINT WARNING * * *
You are lethally poisoned!
The adder poisons you! The endoplasm hits you.
* * * LOW HITPOINT WARNING * * *
😱 HP[-3]
You take 3 damage, and now have 4/17 hp.
You barely miss the adder.
* * * LOW HITPOINT WARNING * * *
You feel sick.
The adder bites you but does no damage. 😱 HP[-1]
You take 1 damage, and now have 3/17 hp.
Unknown command.
The adder attacks as you move away! The adder bites you but does no damage.
* * * LOW HITPOINT WARNING * * *
You feel sick. 😱 HP[-1]
You take 1 damage, and now have 2/17 hp.
* * * LOW HITPOINT WARNING * * *
You feel sick.
The adder bites you but does no damage. 😱 HP[-1]
You take 1 damage, and now have 1/17 hp.
You aren't carrying any potions.
The adder attacks as you move away! The adder bites you.
You die...

Action                   || total
-------------------------++-------
Melee: Dagger            ||    22
 Stab: Sleeping          ||     1
Armor: Robe              ||    13
Dodge: Dodged            ||    13

Levels and vault maps discovered:
D:1:      grunt_arrival_lava_bath, layout_basic, serial_shops,
          nicolae_square_shop, st_stairs_1
D:2:      layout_basic

Notes
Turn   | Place    | Note
-------+----------+-------------------------------------------
     0 | D:1      | spaghetti the Demigod Brigand began the quest for the Orb.
     0 | D:1      | Reached XP level 1. HP: 17/17 MP: 3/3
     0 | D:1      | magus.rc [v1.9.6]
   215 | D:2      | HP: 4/17 [endoplasm (1)]
   218 | D:2      | HP: 1/17 [poisoned by an adder]
   219 | D:2      | Slain by an adder

Vanquished Creatures
  A hobgoblin (D:1)
  A quokka (D:1)
  A bat (D:1)
  A rat (D:2)
4 creatures vanquished.

Table legend:
 A = Non-vault XP
 B = Vault XP
 C = Vault XP percentage of total XP
 D = Non-vault monster count
 E = Vault monster count
 F = Vault count percentage of total count
                 A         B        C        D         E       F
            +---------+---------+-------+---------+---------+-------
      Total |       6 |       0 |   0.0 |       4 |       0 |   0.0
            +---------+---------+-------+---------+---------+-------
        D:1 |       5 |       0 |   0.0 |       3 |       0 |   0.0
        D:2 |       1 |       0 |   0.0 |       1 |       0 |   0.0
            +---------+---------+-------+---------+---------+-------

Illustrated notes

Table legend:
 A = Kills in this place as a percentage of kills in entire the game.
 B = Kills by you in this place as a percentage of kills by you in the entire game.
 C = Kills by friends in this place as a percentage of kills by friends in the entire game.
 D = Other kills in this place as a percentage of other kills in the entire game.
 E = Experience gained in this place as a percentage of experience gained in the entire game.
 F = Experience gained in this place divided by the number of levels of this place that you have seen.
                   A       B       C       D       E      F
               +-------+-------+-------+-------+-------+----------------------
         Total | 100.0 | 100.0 |   N/A |   N/A | 100.0 |   3.0
       Dungeon | 100.0 | 100.0 |   N/A |   N/A | 100.0 |   3.0
               +-------+-------+-------+-------+-------+----------------------

Table legend: (Time is in decaauts)
 A = Elapsed time spent in this place.
 B = Non-inter-level travel time spent in this place.
 C = Inter-level travel time spent in this place.
 D = Time resting spent in this place.
 E = Time spent auto-exploring this place.
 F = Levels seen in this place.
 G = Mean time per level.
                   A        B        C        D        E       F      G
               +--------+--------+--------+--------+--------+-----+--------+
         Total |    216 |    216 |      0 |      0 |    153 |   2 |  108.0 |
       Dungeon |    216 |    216 |      0 |      0 |    153 |   2 |  108.0 |
               +--------+--------+--------+--------+--------+-----+--------+

Top non-repeatable levels by time:
     D:1: 143 daAuts
     D:2: 73 daAuts
